 Dungeon Crawl Stone Soup version 0.29.1-1-gd02db6906a (webtiles) character file.

Game seed: 2818960805894501006

32 vvl the Stinger (level 3, 0/26 HPs)
             Began as a Demonspawn Venom Mage on Oct 3, 2022.
             Slain by a phantom (3 damage)
             ... on level 2 of the Dungeon.
             The game lasted 00:02:24 (1446 turns).

vvl the Stinger (Demonspawn Venom Mage)             Turns: 1446, Time: 00:02:25

Health: 0/26       AC:  2    Str:  8    XL:     3   Next: 10%
Magic:  6/6        EV: 12    Int: 18    God:
Gold:   54         SH:  0    Dex: 13    Spells: 5/6 levels left

rFire   . . .      SeeInvis .   c - +0 hand axe
rCold   . . .      Faith    .   (no shield)
rNeg    . . .      Spirit   .   a - +0 robe
rPois   .          Reflect  .   (no helmet)
rElec   .          Harm     .   (no cloak)
rCorr   .          Rampage  .   (no gloves)
Will    .....                   (no boots)
Stlth   ++........              (no amulet)
HPRegen 0.08/turn               (no ring)
MPRegen 0.10/turn               (no ring)

@: no status effects
A: powered by death 1
a: no special abilities


You were on level 2 of the Dungeon.
You visited 1 branch of the dungeon, and saw 2 of its levels.

You collected 54 gold pieces.

Inventory:

Hand Weapons
 c - a +0 hand axe (weapon)
Armour
 a - a +0 robe (worn)
Potions
 b - a potion of magic


   Skills:
 + Level 1.0 Fighting
 + Level 0.3 Armour
 - Level 2.0 Dodging
 - Level 2.0 Stealth
 + Level 2.2 Spellcasting
 + Level 1.3 Transmutations
 + Level 3.2 Poison Magic


You had 5 spell levels left.
You knew the following spells:

 Your Spells              Type           Power      Damage    Failure   Level
a - Sting                 Tmut/Pois      40%        1d5       7%          1

Your spell library contained the following spells:

 Spells                   Type           Power      Damage    Failure   Level
 Poisonous Vapours        Pois/Air       14%        N/A       14%         2
 Summon Small Mammal      Summ           8%         N/A       19%         1
 Mephitic Cloud           Conj/Pois/Air  5%         N/A       34%         3
 Olgreb's Toxic Radiance  Pois           13%        N/A       43%         4
 Call Canine Familiar     Summ           2%         N/A       47%         3
 Summon Guardian Golem    Hex/Summ       2%         N/A       47%         3


Dungeon Overview and Level Annotations

Branches:
Dungeon (2/15)

Altars:


Innate Abilities, Weirdness & Mutations

You regenerate a little health from kills.


Message History

The phantom barely misses you.
You closely miss the phantom.
The phantom is lightly damaged.
The phantom barely misses you.
You hit the phantom.
The phantom is moderately damaged.
The phantom barely misses you. The phantom misses you.
You hit the phantom but do no damage.
The phantom is moderately damaged.
The phantom hits you.
The phantom blinks!
You blink.
You completely miss the phantom.
The phantom is moderately damaged.
The phantom barely misses you.
You hit the phantom.
The phantom is moderately damaged.
The phantom hits you but does no damage.
The phantom hits you.
You closely miss the phantom.
The phantom is moderately damaged.
The phantom closely misses you.
You closely miss the phantom.
The phantom is moderately damaged.
The phantom closely misses you.
You hit the phantom.
The phantom is heavily damaged.
The phantom closely misses you.
You closely miss the phantom.
The phantom is heavily damaged.
The phantom hits you.
The phantom hits you but does no damage.
You are too injured to fight recklessly!
You closely miss the phantom.
The phantom is heavily damaged.
The phantom hits you!
* * * LOW HITPOINT WARNING * * *
Unknown command.
You closely miss the phantom.
The phantom is heavily damaged.
The phantom hits you.
You die...

############
#....W.....#
############...@####
#......................
#.##########....#####.#
#.# #.#### #.# #.# #.#
#.# #.# #.# #.# #.# #.#
#..


You could see a phantom.

Vanquished Creatures
  A gnoll (D:1)
  A dart slug (D:1)
  2 bats (D:1)
  3 endoplasms
  2 goblins (D:1)
  3 hobgoblins (D:1)
  2 jackals (D:1)
  A quokka (D:1)
  3 rats (D:1)
18 creatures vanquished.

Notes
Turn   | Place    | Note
-------+----------+-------------------------------------------
     0 | D:1      | vvl the Demonspawn Venom Mage began the quest for the Orb.
     0 | D:1      | Reached XP level 1. HP: 13/13 MP: 3/3
    70 | D:1      | Reached skill level 1 in Transmutations
    70 | D:1      | Gained mutation: You regenerate a little health from kills.
                  | [demonic ancestry]
    70 | D:1      | Reached XP level 2. HP: 13/20 MP: 0/5
   376 | D:1      | Found a faded altar of an unknown god.
  1003 | D:1      | Reached skill level 1 in Fighting
  1173 | D:1      | Reached XP level 3. HP: 26/26 MP: 2/6
  1428 | D:2      | Noticed a phantom
  1446 | D:2      | Slain by a phantom

Illustrated notes

Levels and vault maps discovered:
D:1:      heliophobic_arrival_ceremonial_halls, layout_rooms,
          shapermc_ecumenical_altar_gd, chequers_arboretum, skrybe_limestone_x,
          minmay_crystal_water
D:2:      minmay_evil_eye, layout_loops_ring

Skill      XL: |  1  2 |
---------------+-------+-----
Stealth        | 2 |  2.0
Transmutations | 1 |  1.3
Dodging        | 2 |  2.0
Fighting       | 1 |  1.0
Armour         | |  0.3
Spellcasting   | |  2.2
Poison Magic   | |  3.2

Action                   || total
-------------------------++-------
Melee: Unarmed           ||    13
       Hand axe          ||    16
 Cast: Sting             ||    35
Armor: Robe              ||     9
Dodge: Dodged            ||    41
